Match 38850439
Unlisted

Match 38850439
End
Construct Infanterie Kompanie
Selects Mechanized Battlegroup
Grenadier Squad
Grenadier Squad
Grenadier Squad
Selects Mobile Repair Stations
Construct Luftwaffe Kompanie
221 Scout Car
Support Elements
Medical Station
Jäger Squad
Selects Raid Package
Wirbelwind Flakpanzer
Jäger Squad
Marder III M Tank Destroyer
Selects StuG Assault Group
Luftwaffe Officer Quarters
Infanterie Officer Quarters
Selects UNKNOWN (2160084)
Construct Panzer Kompanie
Selects Wespe Self-propelled Artillery
Panther Heavy Tank
Panzer Officer Quarters
Side Skirts
Selects Zeroing Artillery Barrage
Zeroing Artillery Barrage
Construct Panzergrenadier Kompanie
Jäger Squad
Nebelwerfer 42 Rocket Launcher Team
Pioneer Squad
Panther Heavy Tank
qZeto
Epicdeath
BIOHAZARD
Gorgolo
XxTheHunterxX
Sirlongsausage
Clasher
Roth
0
0

Comments sign in to comment!

No comments posted yet!